AoeStats
← Sodythaek

Arabia

510795044Analyzed
1v1 RM · 23h ago on Oct 2, 2026· 43m 53s· 2 players
Game mode
Random Map
Map size
Tiny (2 player)
Population
200
Speed
Normal
Resources
Standard
Victory
Conquest
Starting age
Dark Age
Ending age
Imperial Age
RankedLock teamsTeams togetherTeam positionsShared explorationLock speedFull tech treeHidden civsTurbo modeCheats
Victory
Defeat
🇫🇷 Danes · France
1317
+17
🇨🇳 Spanish · China
1349
-17
Sodythaek
6:55 Loom
9:28 Feudal Age
10:51 Double-Bit Axe
16:38 Scale Barding Armor
17:43 Forging
18:45 Gold Mining
19:41 Horse Collar
23:32 Castle Age
24:46 Bow Saw
25:10 Fletching
25:20 Padded Archer Armor
27:45 Elite Skirmisher
30:22 Bodkin Arrow
33:02 Heavy Plow
34:49 Thumb Ring
36:16 Wheelbarrow
38:10 Squires
37:55 Arson
46:41 Imperial Age
卡皮巴拉
7:52 Loom
11:44 Feudal Age
18:22 Castle Age
31:39 Town Watch
32:15 Padded Archer Armor
33:24 Stone Mining
35:57 Leather Archer Armor
37:01 Double-Bit Axe
42:18 Fletching
Connection lost

Rejoining the realm…

Still unreachable

The connection could not be restored.

Session expired

The server has moved on; the page needs a fresh start.